 Dungeon Crawl Stone Soup version 0.21.1-1-g345015f (webtiles) character file.

613 Fang the Skirmisher (level 7, -5/44 HPs)
             Began as a Gargoyle Berserker on May 7, 2018.
             Was a Priest of Trog.
             Hit by a tomahawk of returning thrown by an orc warrior (8 damage)
             ... on level 6 of the Dungeon.
             The game lasted 00:03:31 (2384 turns).

Fang the Skirmisher (Gargoyle Berserker)            Turns: 2384, Time: 00:03:31

Health: -5/44      AC:  7    Str: 22    XL:     7   Next: 44%
Magic:  7/7        EV: 13    Int:  8    God:    Trog [***...]
Gold:   206        SH:  0    Dex:  9    Spells: 6/6 levels left

rFire    . . .     SeeInvis .   k - +0 trident (venom)
rCold    . . .     Gourm    .   (no shield)
rNeg     + . .     Faith    .   b - +0 animal skin
rPois    ∞         Spirit   .   (no helmet)
rElec    +         Reflect  .   (no cloak)
rCorr    .         Harm     .   (no gloves)
MR       .....                  (no boots)
Stlth    ++........             (no amulet)
HPRegen  0.14/turn              (no ring)
MPRegen  0.10/turn              (no ring)

@: berserk cooldown, slowed, very slow
A: negative energy resistance 1, electricity resistance, unbreathing,
petrification resistance, rot immunity, AC +4
a: Berserk, Trog's Hand, Burn Spellbooks, Renounce Religion


You were on level 6 of the Dungeon.
You worshipped Trog.
Trog was most pleased with you.
You were very hungry.

You visited 1 branch of the dungeon, and saw 4 of its levels.

You collected 206 gold pieces.

Inventory:

Hand Weapons
 a - a +0 hand axe
 k - a +0 trident of venom (weapon)
Armour
 b - a +0 animal skin (worn)
Wands
 o - a wand of acid (20)
Scrolls
 f - a scroll of magic mapping {unknown}
 i - a scroll of teleportation {unknown}
 j - 2 scrolls of identify {unknown}
 l - 2 scrolls of blinking {unknown}
 p - a scroll of noise {unknown}
 q - a scroll of summoning {unknown}
Potions
 d - a potion of might {unknown}
 e - 2 potions of curing {unknown}
 g - a potion of resistance {unknown}
 h - 3 potions of degeneration {unknown}
 m - a potion of haste {unknown}
 n - 3 potions of flight {unknown}
Comestibles
 c - 5 rations


   Skills:
 + Level 5.1 Fighting
 + Level 4.8(5.1) Axes
 + Level 1.9(3.6) Polearms
 + Level 2.6 Armour
 + Level 3.2 Dodging
 + Level 2.9 Stealth


You had 6 spell levels left.
You didn't know any spells.

Dungeon Overview and Level Annotations

Branches:
Dungeon (3/15)

Altars:
Gozag
Kikubaaqudgha
Makhleb

Shops:
D:6 (


Innate Abilities, Weirdness & Mutations

You are resistant to torment.
Your stone body is resilient. (AC +4)
You are immune to poison.
You resist negative energy. (rN+)
You are resistant to electric shocks. (rElec)
You can survive without breathing.
You are immune to petrification.
You are immune to rotting.


Message History

Trog appreciates your killing of a magic user.
Unknown command.
The orc warrior throws a tomahawk of returning.
The tomahawk of returning hits you!
* * * LOW HITPOINT WARNING * * *
The weapon returns to the orc warrior!
Things that are here:
a dagger; a robe; an orc corpse You feel a strong urge to attack something.
The orc warrior throws a tomahawk of returning.
The tomahawk of returning closely misses you.
The weapon returns to the orc warrior!
Unknown command.
You are no longer berserk.
Trog's vigour flows through your veins.
You are exhausted.
You feel yourself slow down.
The orc warrior throws a tomahawk of returning.
The tomahawk of returning hits you!
You die...

#.##.#..##.## ###
#.##...###.# #.!
#..#..####.# #.#
#....<..##.##
#####.####.......##.##
##.................#.#.
##......)...........#...
#........)..........#.##
#......@..............##
#.................(.....
#..........#+#.#########
#.....o....+ .#
##.........# ##
##......... ###########


You could see an orc warrior.

Vanquished Creatures
  Sigmund (D:3)
  2 bullfrogs
  A howler monkey (D:6)
  A bullfrog skeleton (D:6)
  4 orc wizards (D:6)
  A worker ant (D:6)
  3 adders (D:2)
  A shadow imp (D:3)
  3 oozes
  A worm (D:2)
  A dart slug (D:2)
  4 leopard geckos
  12 orcs
  6 bats
  A giant cockroach (D:2)
  4 goblins
  4 hobgoblins
  4 jackals (D:2)
  3 kobolds
  A quokka (D:2)
  A ball python (D:3)
  5 frilled lizards
  4 rats
68 creatures vanquished.

Vanquished Creatures (others)
  A human (D:2)
1 creature vanquished.

Grand Total: 69 creatures vanquished

Notes
Turn   | Place    | Note
-------+----------+-------------------------------------------
     0 | D:1      | Fang the Gargoyle Berserker began the quest for the Orb.
     0 | D:1      | Reached XP level 1. HP: 14/14 MP: 1/1
    90 | D:1      | Reached XP level 2. HP: 15/19 MP: 2/2
   726 | D:2      | Reached XP level 3. HP: 24/24 MP: 3/3
   736 | D:2      | Found an ancient bone altar of Kikubaaqudgha.
   737 | D:2      | Noticed a human
   740 | D:2      | Killed a human
   798 | D:2      | Reached skill level 4 in Fighting
   798 | D:2      | Reached ** piety under Trog
  1052 | D:2      | Noticed a bullfrog
  1069 | D:2      | Killed a bullfrog
  1069 | D:2      | Reached XP level 4. HP: 29/30 MP: 4/4
  1069 | D:2      | Reached XP level 5. HP: 33/34 MP: 5/5
  1145 | D:2      | Reached skill level 1 in Stealth
  1211 | D:2      | Found a burning altar of Makhleb.
  1212 | D:2      | Found an opulent altar of Gozag.
  1353 | D:3      | Noticed Sigmund
  1358 | D:3      | Killed Sigmund
  1358 | D:3      | Reached XP level 6. HP: 39/39 MP: 6/6
  1777 | D:3      | You fall through a shaft for 3 floors!
  1799 | D:6      | Reached *** piety under Trog
  1929 | D:6      | Reached skill level 1 in Polearms
  1929 | D:6      | Reached XP level 7. HP: 44/44 MP: 7/7
  1936 | D:6      | Reached skill level 5 in Fighting
  2219 | D:6      | Found Qunnudam's Antique Weapon Emporium.
  2384 | D:6      | Hit by a tomahawk of returning thrown by an orc warrior

Skill      XL: |  1  2  3  4  5  6  7 |
---------------+----------------------+-----
Axes           | 3 4 |  4.8
Fighting       | 4 5 |  5.1
Dodging        | 2 3 |  3.2
Stealth        | 1 2 |  2.9
Polearms       | 1 |  1.9
Armour         | |  2.6

Action                   |  1- 3 |  4- 6 |  7- 9 || total
-------------------------+-------+-------+-------++-------
Melee: Hand axe          |    82 |    56 |       ||   138
       Trident           |       |    71 |    35 ||   106
Invok: Berserk           |     2 |     2 |     1 ||     5
 Stab: Sleeping          |     2 |     4 |       ||     6
  Eat: Chunk             |     1 |     4 |     3 ||     8
Armor: Animal skin       |    27 |    59 |    14 ||   100
Dodge: Dodged            |    55 |    87 |    35 ||   177
